 Dungeon Crawl Stone Soup version 0.29-a0-617-g7a6b98fccd (webtiles) character file.

Game seed: 8787773384650933690

149 ptdevnull the Grave Robber (level 5, -1/35 HPs)
             Began as a Mummy Necromancer on June 17, 2022.
             Slain by Robin
             ... wielding a +0 trident
              (6 damage)
             ... on level 4 of the Dungeon.
             The game lasted 00:06:17 (2565 turns).

ptdevnull the Grave Robber (Mummy Necromancer)      Turns: 2565, Time: 00:06:17

Health: -1/35      AC:  6    Str: 12    XL:     5   Next: 9%
Magic:  2/11       EV: 12    Int: 16    God:
Gold:   178        SH:  0    Dex: 12    Spells: 4/12 levels left

rFire   x . .      SeeInvis .   c - +0 dagger
rCold   + . .      Faith    .   (no shield)
rNeg    + + +      Spirit   .   a - +0 robe
rPois   ∞          Reflect  .   (no helmet)
rElec   .          Harm     .   i - +2 cloak
rCorr   .          Rampage  .   h - +0 pair of gloves
Will    .....                   (no boots)
Stlth   ++........              (no amulet)
HPRegen 0.11/turn               b - ring of wizardry
MPRegen 0.12/turn               (no ring)

@: no status effects
A: cold resistance 1, negative energy resistance 3, torment resistance 2, heat
vulnerability 1, in touch with death 1, no potions
a: no special abilities


You were on level 4 of the Dungeon.
You visited 1 branch of the dungeon, and saw 4 of its levels.

You collected 178 gold pieces.

Inventory:

Hand Weapons
 c - a +0 dagger (weapon)
Armour
 a - a +0 robe (worn)
 h - a +0 pair of gloves (worn)
 i - a +2 cloak (worn)
Jewellery
 b - a ring of wizardry (left hand)
 e - a ring of fire
Scrolls
 d - a scroll of identify
 f - a scroll of enchant armour
 g - a scroll of teleportation {unknown}
 j - a scroll of magic mapping {unknown}
 k - 2 scrolls of silence
 l - a scroll of fear {unknown}


   Skills:
 - Level 1.5 Dodging
 - Level 1.5 Stealth
 + Level 4.3 Spellcasting
 * Level 5.7 Necromancy


You had 4 spell levels left.
You knew the following spells:

 Your Spells              Type           Power      Damage    Failure   Level
a - Necrotize             Necr           100%       1d9       1%          1
b - Vampiric Draining     Necr           32%        2d8       1%          3
c - Animate Dead          Necr           32%        N/A       6%          4

Your spell library contained the following spells:

 Spells                   Type           Power      Damage    Failure   Level
 Magic Dart               Conj           12%        1d3       7%          1
 Searing Ray              Conj           6%         2d4       11%         2
 Fulminant Prism          Conj/Hex       1%         3d6       52%         4
 Agony                    Necr           32%        N/A       16%         5


Dungeon Overview and Level Annotations

Branches:
Dungeon (4/15)
 Temple: D:4-7

Altars:

Annotations:
D:3 Grinder
D:4 Robin


Innate Abilities, Weirdness & Mutations

You are immune to poison.
Your flesh is cold resistant. (rC+)
You are immune to negative energy. (rN+++)
You are immune to unholy pain and torment.
You are vulnerable to heat. (rF-)
You are in touch with the powers of death.
You do not drink.


Message History

Something hits you but does no damage.
A worm comes into view.
Your hobgoblin skeleton barely misses something.
Something hits you but does no damage.
A hobgoblin comes into view.
Found an escape hatch in the ceiling.
The hobgoblin shouts!
Robin hits you from afar with a +0 trident!
Something hits you. Something hits you. Something hits your hobgoblin skeleton.
Something hits your hobgoblin skeleton.
Your hobgoblin skeleton is destroyed!
Something hits you but does no damage.
Robin roars a battlecry!
The hobgoblin goes into a battle-frenzy!
Something hits you but does no damage.
Found 15 gold pieces.
You hit something but do no damage. Something hits you but does no damage.
You closely miss something. Something hits you.
* * * LOW HITPOINT WARNING * * *
You are too injured to fight recklessly!
An orc comes into view. It is wielding a +0 club.
Something hits you but does no damage.
Found 11 gold pieces.
Something hits you but does no damage.
You see here 18 gold pieces.
You now have 178 gold pieces (gained 18).
Something completely misses you. Something hits you but does no damage.
The hobgoblin hits you.
* * * LOW HITPOINT WARNING * * *
You can't drink.
As you read the scroll labelled RAABEONITU, it crumbles to dust.
It is a scroll of identify.
k - 2 scrolls of silence Robin barely misses you.
The hobgoblin closely misses you. Something hits you but does no damage.
As you read the scroll labelled KIACZU QIWKO, it crumbles to dust.
It is a scroll of enchant armour.
Your +1 cloak glows green for a moment.
Robin hits you from afar with a +0 trident.
You die...

##...##$........ #....
.#.........
#........$.......
..#.. ..........
....##...).....
##...........o
#.....).......
##.[@........# #
#....g....####
##..#...g...#.### ##.
#............)).# #...
.....##......)<.##....
.#....#.....###)#.....
#........w###g........
............#.........
#........##.g.........


You could see a worm, Robin and a hobgoblin (strong).

Vanquished Creatures
  An orc wizard (D:3)
  4 gnolls (D:2)
  3 dart slugs
  5 orcs (D:3)
  3 endoplasms
  A giant cockroach (D:1)
  12 goblins
  11 hobgoblins
  5 jackals
  2 kobolds
  A quokka (D:2)
  4 ball pythons
  4 bats
  2 frilled lizards
  6 rats
64 creatures vanquished.

Vanquished Creatures (collateral kills)
  A dart slug (D:1)
  A goblin (D:4)
2 creatures vanquished.

Grand Total: 66 creatures vanquished

Notes
Turn   | Place    | Note
-------+----------+-------------------------------------------
     0 | D:1      | ptdevnull the Mummy Necromancer began the quest for the
                  | Orb.
     0 | D:1      | Reached XP level 1. HP: 13/13 MP: 4/4
   382 | D:1      | Reached XP level 2. HP: 19/19 MP: 3/6
   752 | D:1      | Found a faded altar of an unknown god.
   960 | D:2      | Gained mutation: You are in touch with the powers of death.
                  | [Mummy growth]
   960 | D:2      | Reached XP level 3. HP: 21/24 MP: 2/7
  1102 | D:2      | Reached skill level 5 in Necromancy
  1109 | D:2      | Reached XP level 4. HP: 30/30 MP: 3/9
  2100 | D:3      | Noticed Grinder
  2103 | D:3      | Paralysed by Grinder for 4 turns
  2370 | D:3      | Learned a level 3 spell: Vampiric Draining
  2375 | D:3      | Learned a level 4 spell: Animate Dead
  2499 | D:4      | Noticed Robin
  2504 | D:4      | Reached XP level 5. HP: 35/35 MP: 6/11
  2565 | D:4      | Slain by Robin

Illustrated notes

Levels and vault maps discovered:
D:1:      psy_arrival_dodecagon, layout_rooms, shapermc_ecumenical_altar_pompeii
D:2:      layout_loops_ring, minmay_misc_feat_hallway
D:3:      layout_basic, uniq_grinder
D:4:      layout_cave_pools, grunt_nemelex_the_gamble, uniq_robin

Skill      XL: |  1  2  3  4 |
---------------+-------------+-----
Spellcasting   | 3 4 |  4.3
Necromancy     | 5 |  5.7
Dodging        | |  1.5
Stealth        | |  1.5

Action                   |  1- 3 |  4- 6 || total
-------------------------+-------+-------++-------
Melee: Dagger            |    25 |    18 ||    43
       Unarmed           |     3 |       ||     3
       Punch             |     1 |       ||     1
 Cast: Necrotize         |    50 |    62 ||   112
  Use: Scroll            |       |     2 ||     2
 Stab: Sleeping          |     2 |     1 ||     3
       Distracted        |     1 |       ||     1
Armor: Robe              |     4 |    13 ||    17
Dodge: Dodged            |    27 |    25 ||    52

Table legend: (Time is in decaauts)
 A = Elapsed time spent in this place.
 B = Non-inter-level travel time spent in this place.
 C = Inter-level travel time spent in this place.
 D = Time resting spent in this place.
 E = Time spent auto-exploring this place.
 F = Levels seen in this place.
 G = Mean time per level.
                   A        B        C        D        E       F      G
               +--------+--------+--------+--------+--------+-----+--------+
         Total |   2564 |   2482 |     82 |    196 |   1838 |   4 |  641.0 |
       Dungeon |   2564 |   2482 |     82 |    196 |   1838 |   4 |  641.0 |
               +--------+--------+--------+--------+--------+-----+--------+

Top non-repeatable levels by time:
     D:2: 1133 daAuts
     D:1: 904 daAuts
     D:3: 477 daAuts
     D:4: 50 daAuts
